Map: Ever Dream LE

Players

LiquidMaNa (MaNa)

  • Race: Protoss Protoss
  • League: Grandmaster
  • Spawn Location: 1:00

goblin - Winner!

  • Race: Protoss Protoss
  • League: Master
  • Spawn Location: 7:00

Event: StayAtHomestory Cup #1

VOD

https://www.youtube.com/watch?v=93qqgasP0IA&t=0s

Description

Time

  • Played on: April 11, 2020, 6:37 a.m.
  • Length: 6:46

All games in this series

Show
View Real Time Build Order
Export as new Build Order

LiquidMaNa Protoss 

Build Orders: Oracle Opening 

Get SALT Encoding   

  12  0:00  Probe  
  13  0:12  Probe  
  14  0:17  Pylon  
  14  0:24  Probe (Chrono Boost)  
  15  0:36  Probe (Chrono Boost), Gateway  
  16  0:44  Probe (Chrono Boost)  
  16  0:46  Assimilator  
  17  0:51  Probe  
  17  0:55  Assimilator  
  18  1:03  Probe (Chrono Boost)  
  19  1:08  Gateway  
  19  1:15  Probe (Chrono Boost)  
  20  1:22  Probe (Chrono Boost)  
  20  1:25  Cybernetics Core  
  21  1:29  Probe  
  22  1:35  Pylon  
  22  1:41  Probe  
  24  2:01  Stalker x2  
  28  2:02  Warp Gate  
  28  2:03  Probe  
  28  2:10  Pylon  
  28  2:15  Probe  
  29  2:31  Stalker x2  
  33  2:38  Probe  
  34  2:51  Probe  
  35  2:52  Stargate  
  35  3:10  Nexus  
  34  3:13  Probe  
  35  3:21  Robotics Facility  
  35  3:30  Pylon, Probe  
  36  3:36  Oracle (Chrono Boost)  
  39  3:48  Probe  
  39  3:50  Sentry  
  42  4:00  Pylon, Probe  
  43  4:08  Immortal (Chrono Boost)  
  47  4:18  Probe (Chrono Boost)  
  47  4:23  Probe (Chrono Boost)  
  46  4:30  Probe (Chrono Boost)  
  47  4:36  Probe (Chrono Boost)  
  47  4:39  Zealot  
  47  4:40  Zealot  
  44  4:50  Shield Battery  
  41  4:56  Gateway  
  41  5:01  Zealot  
  41  5:02  Stalker  
  41  5:06  Probe  
  45  5:12  Probe  
  43  5:16  Observer  
  43  5:18  Probe  
  43  5:24  Probe  
  43  5:28  Stalker  
  43  5:30  Probe  
  43  5:36  Probe  
  43  5:40  Stalker  
  43  5:42  Probe  
  43  5:48  Probe (Chrono Boost)  
  44  5:51  Stalker  
  44  5:54  Probe (Chrono Boost)  
  45  5:57  Stalker  
  45  6:00  Probe (Chrono Boost)  
  48  6:06  Probe (Chrono Boost)  
  48  6:09  Probe (Chrono Boost)  
  50  6:11  Probe (Chrono Boost)  
  50  6:13  Stalker  
  50  6:14  Probe  
  54  6:20  Probe  
Show
View Real Time Build Order
Export as new Build Order

goblin Protoss - Winner!

Build Orders: Phoenix Opening, Mass Phoenix 

Get SALT Encoding   

  12  0:00  Probe  
  13  0:12  Probe  
  14  0:16  Pylon  
  14  0:24  Probe (Chrono Boost)  
  16  0:37  Gateway, Probe (Chrono Boost)  
  16  0:42  Probe (Chrono Boost)  
  16  0:45  Assimilator  
  17  0:51  Probe  
  17  0:54  Assimilator  
  18  1:03  Probe (Chrono Boost)  
  19  1:07  Gateway  
  19  1:12  Probe (Chrono Boost)  
  19  1:17  Probe (Chrono Boost)  
  20  1:24  Cybernetics Core  
  21  1:29  Probe  
  22  1:34  Pylon  
  22  1:41  Probe  
  23  1:53  Probe  
  24  2:00  Stalker x2  
  28  2:07  Stargate  
  28  2:13  Pylon  
  28  2:15  Warp Gate  
  28  2:26  Probe  
  29  2:34  Stalker x2  
  33  2:52  Phoenix (Chrono Boost)  
  35  2:59  Pylon  
  35  3:08  Phoenix (Chrono Boost)  
  36  3:26  Nexus  
  36  3:34  Phoenix (Chrono Boost)  
  38  3:42  Probe  
  39  3:50  Phoenix  
  41  3:56  Probe  
  42  4:08  Probe  
  42  4:09  Pylon  
  43  4:15  Phoenix (Chrono Boost)  
  45  4:22  Probe  
  46  4:35  Probe  
  47  4:45  Phoenix (Chrono Boost)  
  47  4:50  Probe x2  
  51  4:54  Adept x2  
  55  5:02  Phoenix (Chrono Boost), Probe x2  
  59  5:14  Probe x2  
  61  5:25  Phoenix  
  61  5:26  Probe x2  
  63  5:38  Probe x2  
  63  5:39  Gateway x2  
  63  5:40  Pylon  
  63  5:50  Phoenix, Probe  
  63  5:53  Adept x2  
  70  5:58  Probe  
  70  5:59  Robotics Facility  
  70  6:02  Probe  
  70  6:03  Assimilator  
  72  6:12  Probe  
  72  6:14  Probe  
  72  6:15  Assimilator  
  72  6:16  Pylon  
  74  6:24  Probe  
  75  6:27  Probe  
Tags
 
Add a new tag
Caveats
  • Supply blocks, unpowered buildings, or Contaminate may cause inaccurate times.
  • Supply counts are checked every 10 seconds.